 Dungeon Crawl Stone Soup version 0.29.1-12-g30fa7ad0bf (webtiles) character file.

Game seed: 15795991778499656000

6297 BiteMe the Thaumaturge (level 10, -2/69 HPs)
             Began as a Demigod Fire Elementalist on Jan 2, 2023.
             Slain by an orc warrior
             ... wielding a +0 war axe
              (15 damage)
             ... in a bailey on Jan 3, 2023.
             The game lasted 02:05:13 (15856 turns).

BiteMe the Thaumaturge (Demigod Fire Elementalist) Turns: 15856, Time: 02:05:14

Health: -2/69      AC: 11    Str:  9    XL:     10   Next: 37%
Magic:  2/28       EV: 10    Int: 25    God:
Gold:   296        SH:  0    Dex: 22    Spells: 15/28 levels left

rFire   . . .      SeeInvis .   c - +0 trident
rCold   . . .      Faith    .   (no shield)
rNeg    . . .      Spirit   .   O - +1 ring mail "Osus" {rElec Dex+4}
rPois   .          Reflect  .   N - +2 helmet
rElec   +          Harm     .   x - +1 cloak
rCorr   .          Rampage  .   (no gloves)
Will    +....                   (no boots)
Stlth   ++........              Q - amulet of regeneration
HPRegen 1.01/turn               q - +4 ring of slaying
MPRegen 0.21/turn               (no ring)

@: no status effects
A: high MP 1, forlorn, divine attributes
a: no special abilities


You were in a bailey.
You visited 2 branches of the dungeon, and saw 11 of its levels.
You also visited: Bailey.

You collected 562 gold pieces.
You spent 266 gold pieces at shops.

Inventory:

Hand Weapons
 c - a +0 trident (weapon)
 d - a +0 long sword
 w - a +5 quarterstaff of chaos
 y - a +2 vorpal halberd
 B - a +0 battleaxe
Armour
 i - +0 steam dragon scales
 l - a +0 scale mail
 t - a +1 robe of fire resistance
 x - a +1 cloak (worn)
 K - a +0 scale mail
 N - a +2 helmet (worn)
 O - the +1 ring mail "Osus" (worn) {rElec Dex+4}
   (You found it on level 4 of the Dungeon)

   Dex:       It affects your dexterity (+4).
   rElec:     It insulates you from electricity.
 P - a +0 plate armour
Jewellery
 h - a ring of protection from cold
 o - a ring of ice
 q - a +4 ring of slaying (left hand)
 Q - an amulet of regeneration (around neck)
Wands
 j - a wand of iceblast (4)
 r - a wand of polymorph (10)
 u - a wand of quicksilver (11)
 v - a wand of flame (28)
Scrolls
 a - 2 scrolls of teleportation
 f - 2 scrolls of immolation
 k - a scroll of summoning
 m - 2 scrolls of blinking
 n - 2 scrolls of identify
 z - a scroll of torment
 D - 2 scrolls of poison
Potions
 b - 2 potions of attraction
 e - a potion of cancellation
 g - a potion of ambrosia
 p - 4 potions of brilliance
 s - a potion of curing
 A - 4 potions of invisibility
 L - 2 potions of berserk rage
 T - a potion of might


   Skills:
 + Level 0.4(0.7) Polearms
 + Level 0.8(1.0) Staves
 + Level 0.3 Throwing
 * Level 2.7 Armour
 - Level 1.7 Dodging
 - Level 1.7 Stealth
 * Level 9.6 Spellcasting
 * Level 6.0 Conjurations
 + Level 0.5 Transmutations
 * Level 8.6 Fire Magic


You had 15 spell levels left.
You knew the following spells:

 Your Spells              Type           Power      Damage    Failure   Level
a - Foxfire               Conj/Fire      100%       2x1d9     1%          1
b - Scorch                Fire           100%       2d10      1%          2
c - Conjure Flame         Conj/Fire      48%        6-21      1%          3
d - Inner Flame           Hex/Fire       33%        N/A       7%          3
e - Blink                 Tloc           24%        N/A       21%         2
f - Passwall              Tmut/Erth      10%        N/A       19%         2

Your spell library contained the following spells:

 Spells                   Type           Power      Damage    Failure   Level
 Flame Wave               Conj/Fire      48%        2d12      7%          4
 Beastly Appendage        Tmut           30%        N/A       11%         1
 Sting                    Tmut/Pois      52%        1d5       12%         1
 Stone Arrow              Conj/Erth      54%        3d10      12%         3
 Necrotise                Necr           48%        1d6       14%         1
 Wereblood                Tmut           15%        N/A       16%         2
 Ensorcelled Hibernation  Hex/Ice        24%        N/A       21%         2
 Spider Form              Tmut/Pois      13%        N/A       36%         3
 Lesser Beckoning         Tloc           12%        N/A       38%         3
 Swiftness                Air            12%        N/A       38%         3
 Animate Armour           Summ/Erth      24%        N/A       80%         4
 Manifold Assault         Tloc           12%        N/A       98%         5
 Lehudib's Crystal Spear  Conj/Erth      13%        10d5      100%        8


Dungeon Overview and Level Annotations

Branches:
Dungeon (10/15)            Temple (0/1) D:4            Lair (0/5) D:10
    Orc (1/2) D:9          Bailey (1/1)

Shops:
D:4 *   D:8 =   D:9 ?


Innate Abilities, Weirdness & Mutations

You have an increased reservoir of magic. (+10% MP)
You shall have no god before yourself.
Your divine heritage dramatically boosts your attributes as you level up.


Message History

Your Conjurations skill increases to level 6!
Casting: Scorch (safe; 1% risk of failure)
Confirm with . or Enter, or press ? or * to list all spells.
You conjure some foxfire!
The foxfire hits the goblin but does no damage.
The foxfire hits the goblin.
The goblin is moderately wounded.
An orc warrior comes into view. It is wielding a +0 war axe.
Casting: Foxfire (safe; 1% risk of failure)
Confirm with . or Enter, or press ? or * to list all spells.
You conjure some foxfire!
The foxfire hits the orc warrior.
The orc warrior is heavily wounded.
The foxfire hits the goblin.
You kill the goblin!
The orc warrior hits you with a +0 war axe!
You closely miss the orc warrior.
The orc warrior is heavily wounded.
The orc warrior hits you with a +0 war axe! x2
You hit the orc warrior but do no damage.
The orc warrior is heavily wounded.
The orc warrior barely misses you.
The orc warrior hits you with a +0 war axe.
Casting: Foxfire (safe; 1% risk of failure)
Confirm with . or Enter, or press ? or * to list all spells.
Okay, then.
Aiming: Quicksilver Bolt
Press: ? - help, Shift-Dir - straight line, f/p - orc warrior
Aim: an orc warrior, wielding a +0 war axe and wearing a +0 plate armour (heavily wounded, 71% to hit)
The bolt of dispelling energy hits the orc warrior.
The orc warrior is severely wounded.
The orc warrior hits you with a +0 war axe!!
* * * LOW HITPOINT WARNING * * *
The orc warrior hits you with a +0 war axe.
* * * LOW HITPOINT WARNING * * *
You feel better.
The orc warrior hits you with a +0 war axe!
* * * LOW HITPOINT WARNING * * *
The orc warrior hits you with a +0 war axe!
You die...

#.......#
##.....## ####)##
##.....##
#.......#
##.......## .
#.........# #.
##.........## ##'
#.....o@....#
88.8
##....o....##
..... #.........#
......##.......##
.....))'.......#
......)##.....##
..⌠.... #######
....... .......


You could see 2 orc warriors.

Vanquished Creatures
  An orc knight (Bailey)
  Maurice (D:8)
  A meliai (shapeshifter) (D:9)
  A hornet (D:7)
  3 yaks (D:9)
  Menkaure (D:7)
  2 steam dragons
  3 sky beasts
  An ice beast (D:8)
  11 orc warriors
  A black bear (D:6)
  4 ogres
  2 centaurs
  2 phantoms
  A kobold brigand (D:8)
  2 bullfrogs (D:7)
  A necrophage (D:7)
  A scorpion (D:5)
  A gnoll sergeant (D:5)
  A wight (D:9)
  5 killer bees (D:8)
  4 howler monkeys (D:9)
  4 hounds
  7 orc priests
  Crazy Yiuf (D:2)
  4 jellies
  A gnoll bouda (D:9)
  7 iguanas
  10 orc wizards
  Ijyb (D:4)
  Natasha (D:2)
  4 adders
  19 gnolls
  A shadow imp (D:7)
  3 white imps
  An ufetubus (D:5)
  3 worms
  2 dart slugs
  65 orcs
  6 endoplasms
  3 giant cockroaches
  9 goblins
  9 hobgoblins
  A quokka (D:4)
  6 ball pythons
  11 bats
  5 frilled lizards
  11 kobolds
  6 rats
251 creatures vanquished.

Vanquished Creatures (others)
  727 foxfires
727 creatures vanquished.

Grand Total: 978 creatures vanquished

Notes
Turn   | Place    | Note
-------+----------+-------------------------------------------
     0 | D:1      | BiteMe the Demigod Fire Elementalist began the quest for
                  | the Orb.
     0 | D:1      | Reached XP level 1. HP: 14/14 MP: 5/5
    85 | D:1      | Reached skill level 1 in Conjurations
   338 | D:2      | Reached skill level 2 in Spellcasting
   515 | D:1      | Reached XP level 2. HP: 19/20 MP: 1/7
   670 | D:1      | Learned a level 2 spell: Scorch
  1542 | D:1      | Reached XP level 3. HP: 19/26 MP: 1/8
  2050 | D:2      | Noticed Natasha
  2053 | D:2      | Killed Natasha
  2646 | D:2      | Reached XP level 4. HP: 33/33 MP: 6/10
  2981 | D:2      | Found a runed translucent door.
  2982 | D:2      | Noticed Crazy Yiuf
  2988 | D:2      | Killed Crazy Yiuf
  3172 | D:3      | You fall into a shaft and drop 1 floor!
  3179 | D:4      | Noticed Ijyb
  3184 | D:4      | Killed Ijyb
  3185 | D:4      | Reached skill level 3 in Spellcasting
  3778 | D:3      | Reached XP level 5. HP: 38/38 MP: 6/12
  4437 | D:3      | Learned a level 3 spell: Conjure Flame
  4458 | D:4      | Found a staircase to the Ecumenical Temple.
  4871 | D:4      | Found Iqoumib's Elemental Accessories.
  5137 | D:4      | Noticed an ogre
  5139 | D:4      | Identified the +1 ring mail "Osus" {rElec Dex+4}
  5148 | D:4      | Killed an ogre
  5149 | D:4      | Reached skill level 4 in Spellcasting
  5149 | D:4      | Reached XP level 6. HP: 37/45 MP: 8/15
  5333 | D:5      | Entered Level 5 of the Dungeon
  6261 | D:5      | Reached skill level 5 in Spellcasting
  6268 | D:5      | Reached XP level 7. HP: 50/50 MP: 8/18
  6439 | D:5      | Learned a level 3 spell: Inner Flame
  6442 | D:5      | Learned a level 2 spell: Blink
  7174 | D:5      | Reached skill level 6 in Spellcasting
  7174 | D:5      | Reached skill level 5 in Fire Magic
  7422 | D:6      | Reached XP level 8. HP: 57/57 MP: 15/21
  8776 | D:6      | Reached skill level 7 in Spellcasting
  9294 | D:6      | Learned a level 2 spell: Passwall
  9423 | D:6      | Got Sif Muna's Vellum of Toxins
  9425 | D:6      | Got Sif Muna's Quarto of the Crypt
  9429 | D:6      | Got Sif Muna's Commentary on the Snake
  9981 | D:7      | Noticed Menkaure
  9990 | D:7      | Killed Menkaure
 10672 | D:7      | Reached XP level 9. HP: 62/62 MP: 16/24
 10784 | D:7      | Paralysed by a hornet for 2 turns
 11194 | D:8      | Reached skill level 8 in Spellcasting
 11371 | D:8      | Found Wecamat's Jewellery Emporium.
 11895 | D:8      | Reached skill level 1 in Armour
 11899 | D:8      | Reached skill level 5 in Conjurations
 12076 | D:8      | Noticed Maurice
 12096 | D:8      | Killed Maurice
 13185 | D:9      | Found a staircase to the Orcish Mines.
 13211 | Orc:1    | Entered Level 1 of the Orcish Mines
 13212 | Orc:1    | Noticed an orc knight
 13377 | D:9      | Reached skill level 9 in Spellcasting
 13671 | D:9      | Reached XP level 10. HP: 69/69 MP: 22/27
 13744 | D:9      | Found Nyehiug's Magic Scroll Emporium.
 13760 | D:9      | Bought a scroll of magic mapping for 105 gold pieces
 13760 | D:9      | Bought a scroll of immolation for 56 gold pieces
 13760 | D:9      | Bought a scroll of blinking for 105 gold pieces
 15074 | D:10     | Entered Level 10 of the Dungeon
 15094 | D:10     | Found a flagged portal.
 15110 | Bailey   | Entered a bailey
 15252 | Bailey   | Noticed an orc knight
 15273 | Bailey   | Killed an orc knight
 15840 | Bailey   | Identified the +8 arbalest "Wyxik" {elec, rF+}
 15856 | Bailey   | Slain by an orc warrior

Illustrated notes

Levels and vault maps discovered:
D:1:      minmay_arrival_four_loops, layout_rooms,
          shapermc_ecumenical_altar_totnotflames, grunt_decor_one_mirror,
          minmay_misc_feat_nine_boxes
D:2:      layout_loops_corners, uniq_natasha, uniq_crazy_yiuf_cottage
D:3:      layout_rooms
D:4:      layout_loops_ring, mainiacjoe_overflow_chevrons,
          minmay_temple_entry_steel_oval, hangedman_decor_opposing,
          nicolae_elemental_shop, st_stairs_14, nrook_loot_triangle, uniq_ijyb
D:5:      layout_loops_cross, grunt_gozag_breadcrumbs, minmay_between
D:6:      layout_layer_cave, nicolae_sif_muna_little_library
D:7:      layout_basic, mainiacjoe_overflow_concentric_impassable, uniq_menkaure
D:8:      layout_gridville, serial_shops, nicolae_diamond_shop, uniq_maurice
D:9:      layout_layer_cave, hiddenorc2_lemuel, serial_shops, shop,
          kennysheep_island_fort
D:10:     layout_cave_pools, amcnicky_altar_gilded, david_lair_generic,
          enter_bailey_2, chequers_serial_rivers_room_a, roderic_three_in_a_row,
          minmay_lizard_king
Orc:1:    layout_diamond_mine, serial_shops, portal_ice_cave_entry_pillars_2
Bailey:   bailey_axe_minmay_hex_keep, bailey

Skill      XL: |  1  2  3  4  5  6  7  8  9 10 |
---------------+-------------------------------+-----
Conjurations   | 1 2 3 4 5 6 |  6.0
Spellcasting   | 2 3 4 5 6 7 9 |  9.6
Fire Magic     | 3 4 5 6 8 |  8.6
Armour         | 2 |  2.7
Polearms       | |  0.4
Staves         | |  0.8
Throwing       | |  0.3
Dodging        | |  1.7
Stealth        | |  1.7
Transmutations | |  0.5

Action                   |  1- 3 |  4- 6 |  7- 9 | 10-12 || total
-------------------------+-------+-------+-------+-------++-------
Melee: Dagger            |     5 |     1 |       |       ||     6
       Quarterstaff      |       |    10 |     7 |     1 ||    18
       Trident           |       |       |       |    11 ||    11
Throw: Javelin           |     6 |     5 |     2 |       ||    13
       Boomerang         |       |     1 |       |       ||     1
 Cast: Foxfire           |    55 |    83 |   183 |   107 ||   428
       Scorch            |     2 |    33 |   110 |    39 ||   184
       Conjure Flame     |       |     2 |     5 |     4 ||    11
       Passwall          |       |       |     2 |       ||     2
       Blink             |       |       |     2 |       ||     2
Evoke: Wand              |       |       |       |     5 ||     5
  Use: Scroll            |     3 |     8 |    10 |     2 ||    23
       Potion            |       |     4 |     3 |     1 ||     8
 Stab: Sleeping          |     1 |     2 |       |       ||     3
Armor: Robe              |     5 |     3 |       |       ||     8
       Skin              |       |     2 |     6 |       ||     8
       Ring mail         |       |       |    19 |     4 ||    23
Dodge: Dodged            |    25 |    33 |    49 |    14 ||   121
